 Dungeon Crawl Stone Soup version 0.17-a0-1508-ge7f3dc3 (webtiles) character file.

494 Quicklebendig the Skirmisher (level 7, -20/44 HPs)
             Began as a Tengu Skald on July 10, 2015.
             Was an Initiate of Fedhas.
             Demolished by an ogre
             ... wielding a +0 giant club
              (22 damage)
             ... on level 5 of the Dungeon.
             The game lasted 01:22:59 (8072 turns).

Quicklebendig the Skirmisher (Tengu Skald)          Turns: 8072, Time: 01:23:17

Health: -20/44     AC: 11    Str: 14    XL:     7   Next: 15%
Magic:  9/11       EV:  6    Int: 17    God:    Fedhas [......]
Gold:   282        SH:  0    Dex: 14    Spells: 1 memorised, 9 levels left

rFire  . . .     SeeInvis +     y - +0 trident
rCold  . . .     Clarity  .     K - +0 plate armour
rNeg   . . .     SustAt   .     (no shield)
rPois  .         Gourm    .     (helmet restricted)
rElec  .         Spirit   .     (no cloak)
rCorr  .         Warding  .     (no gloves)
rMut   .         Stasis   .     (boots unavailable)
MR     .....                    (no amulet)
Stlth  ..........               (no ring)
                                x - ring of see invisible

@: brilliant, lethally poisoned (-20 -> -22), exhausted, flying quickly and
evasively, very slightly contaminated, hasted and slowed, quick, not resistant
to hostile enchantments, extremely unstealthy
A: beak, talons 3, able to fly 1
a: Renounce Religion


You were on level 5 of the Dungeon.
You worshipped Fedhas.
Fedhas was noncommittal.
You were very full.

You visited 1 branch of the dungeon, and saw 6 of its levels.

You collected 282 gold pieces.

Inventory:

Hand weapons
 a - a +0 falchion
 h - a +2 dagger of venom
 i - a +0 quarterstaff
 y - a +0 trident (weapon)
 G - a +2 short sword of freezing
 Q - a +0 blowgun
 T - a +0 hunting sling
 U - a +1 dagger of venom
 V - a +0 hunting sling
 W - a +0 hunting sling
 Z - a +0 dagger
Missiles
 j - 155 stones (quivered)
 k - 13 javelins
 t - 55 arrows
 v - 24 exploding sling bullets
 M - 5 poisoned needles
 R - 21 sling bullets
Armour
 b - a +0 leather armour
 g - a +0 animal skin
 l - a +0 helmet
 w - a +0 scale mail
 z - a +0 robe
 K - a +0 plate armour (worn)
 L - a +0 chain mail
 P - a +0 plate armour
 Y - a +0 buckler
Jewellery
 x - a ring of see invisible (left hand)
Magical devices
 o - a wand of slowing (18)
Scrolls
 d - a scroll of amnesia {unknown}
 e - a scroll of magic mapping {unknown}
 m - 3 scrolls of remove curse
 r - a scroll of random uselessness {unknown}
 u - 2 scrolls of teleportation
 A - a scroll of fear {unknown}
 B - 2 scrolls of identify
 C - a scroll of immolation {unknown}
Potions
 f - a potion of agility
 N - a potion of poison
Books
 c - a book of Battle

   Spells                             Type                      Level
   a - Infusion                       Charms                       1
   b - Shroud of Golubria             Charms/Translocation         2
   c - Song of Slaying                Charms                       2
   d - Spectral Weapon                Hexes/Charms                 3
   e - Regeneration                   Charms/Necromancy            3


   Skills:
 * Level 4.5 Fighting
 - Level 2.3 Long Blades
 + Level 0.2 Polearms
 + Level 4.0 Armour
 + Level 2.5 Dodging
 * Level 3.3 Stealth
 + Level 0.7 Unarmed Combat
 - Level 2.0 Spellcasting
 - Level 2.8 Charms


You had 9 spell levels left.
You knew the following spells:

 Your Spells              Type           Power        Failure   Level  Hunger
a - Infusion              Chrm           ###...       75%         1    #......


Dungeon Overview and Level Annotations

Branches:
Dungeon (6/15)
 Temple: D:4-7

Altars:
Fedhas
Vehumet
Yredelemnul

Shops:
D:4 :


Innate Abilities, Weirdness & Mutations

You have a beak for a mouth.
You have claws for feet.
You can fly.


Message History

A stone staircase leading up.
You fail to use your ability.
Use which ability? (? or * to list) Select plant or fungus to evolve.
Press: ? - help, Dir - move target cursor, f/p - toadstool
Aim: a toadstool (peaceful, can evolve into a wandering mushroom)
A stone staircase leading up.
The toadstool can now pick up its mycelia and move.
You can no longer induce evolution.
Your piety has decreased.
* * * LOW HITPOINT WARNING * * *
You feel sick.
There is a stone staircase leading up here.
A nearby toadstool withers and dies.
You fly upwards.
The hobgoblin hits you but does no damage.
The ogre hits you with a giant club!!
Ouch! That really hurt!
You die...
Fedhas appreciates your contribution to the ecosystem.

##...##.#.).............##.##.###
#.. #..#.#####...##.##.##.##.# #
#.. #.##.# ##)..##..........# #
#...#.##.# #.......######...# #
#........# #....##.# #.###
#.#.#.#### #.....#.# #.# #.#.#
#....##.# #.# . ..# #.#O.##.#
#.##### ###### ##.g@f...# #......
#####.###.#### ######.
#....#......###### #.
####.#.#.#...#.##...# ##
#....#.#............#
#.####.###..##.##...# #.#
#......##.###.## #.# #####.....#
#.# #.# ###.#### #.#


You could see an ogre, a hobgoblin and a friendly wandering mushroom.

Vanquished Creatures
  An orc wizard (D:4)
  2 hounds
  A jelly (D:5)
  5 worker ants
  Natasha (thrice) (D:4)
  Robin (D:3)
  8 adders
  4 worms
  2 giant geckos (D:4)
  7 orcs
  2 ball pythons (D:2)
  6 bats
  5 giant cockroaches
  15 hobgoblins
  2 quokkas (D:2)
  2 giant newts
  30 goblins
  14 jackals
  9 kobolds
  13 rats
132 creatures vanquished.

Vanquished Creatures (others)
  A goblin (D:6)
  22 toadstools
23 creatures vanquished.

Grand Total: 155 creatures vanquished

Notes
Turn   | Place    | Note
--------------------------------------------------------------
     0 | D:1      | Quicklebendig the Tengu Skald began the quest for the Orb.
     0 | D:1      | Reached XP level 1. HP: 12/12 MP: 4/4
   152 | D:1      | Reached XP level 2. HP: 8/17 MP: 6/6
   940 | D:1      | Reached XP level 3. HP: 18/21 MP: 7/7
  2414 | D:2      | Reached skill level 1 in Stealth
  2639 | D:2      | Reached XP level 4. HP: 24/27 MP: 8/8
  3397 | D:3      | Reached skill level 3 in Fighting
  3886 | D:3      | Found a radiant altar of Vehumet.
  3888 | D:3      | Found a basalt altar of Yredelemnul.
  4120 | D:3      | Found a blossoming altar of Fedhas.
  4126 | D:3      | Gained mutation: You can fly. [Tengu growth]
  4126 | D:3      | Reached XP level 5. HP: 30/32 MP: 9/9
  4731 | D:3      | Noticed Robin
  4845 | D:3      | Killed Robin
  5142 | D:3      | Became a worshipper of Fedhas Madash
  5799 | D:4      | Noticed Natasha
  5809 | D:4      | Killed Natasha
  5809 | D:4      | Reached XP level 6. HP: 31/37 MP: 10/10
  6167 | D:4      | Noticed Natasha
  6180 | D:4      | Killed Natasha
  6588 | D:4      | Found Gexeyt's Book Shop.
  6966 | D:4      | Noticed Natasha
  6970 | D:4      | Killed Natasha
  7125 | D:5      | Entered Level 5 of the Dungeon
  7268 | D:5      | Reached skill level 4 in Fighting
  7993 | D:5      | Reached XP level 7. HP: 33/44 MP: 11/11
  8055 | D:6      | Acquired Fedhas's first power
  8067 | D:6      | HP: 2/44 [poisoned by a worker ant]
  8072 | D:5      | Demolished by an ogre

Vault maps used:
D:1:      scummos_arrival_forest
D:2:      minivault_24
D:3:      kennysheep_goblin_castle, gammafunk_temple_overflow_claw,
          corexii_item_surrounded_by_moat, corexii_corridor_pit
D:4:      serial_shops, kennysheep_mini, first_bread, uniq_natasha
D:6:      grunt_temple_overflow_gold_and_silver, lemuel_temple_firewalk_marked,
          hangedman_decor_points

Action                   |  1- 3 |  4- 6 |  7- 9 || total
-------------------------+-------+-------+-------++-------
Melee: Falchion          |    58 |       |       ||    58
       Dagger            |    41 |   120 |       ||   161
       Short sword       |       |    90 |       ||    90
       Quarterstaff      |       |    54 |       ||    54
       Whip              |       |    42 |       ||    42
       Trident           |       |    16 |    15 ||    31
Invok: Evolution         |       |       |     1 ||     1
 Abil: Fly               |       |     1 |       ||     1
  Use: Scroll            |       |     4 |       ||     4
       Potion            |       |       |     5 ||     5
  Eat: Chunk             |     5 |     8 |       ||    13
       Bread ration      |       |     1 |     1 ||     2
       Meat ration       |       |     1 |     1 ||     2
